 Dungeon Crawl Stone Soup version 0.31-a0-836-g3ceb0a68c4 (webtiles) character file.

Game seed: 9529053093869074898

71 senseless the Ruffian (level 4, -1/36 HPs)
             Began as a Draconian Shapeshifter on Sept 26, 2023.
             Slain by a gnoll
             ... wielding a +0 whip
             ... led by a gnoll bouda
              (4 damage)
             ... on level 3 of the Dungeon.
             The game lasted 00:03:24 (1498 turns).

senseless the Ruffian (Draconian Shapeshifter)      Turns: 1498, Time: 00:03:25

Health: -1/36      AC:  5    Str: 18    XL:     4   Next: 5%
Magic:  4/4        EV: 12    Int: 10    God:
Gold:   114        SH:  0    Dex: 11    Spells: 3/3 levels left

rFire   . . .        o - +2 dagger (vamp)
rCold   . . .        (no shield)
rNeg    . . .        (body armour unavailable)
rPois   .            (helmet currently unavailable)
rElec   .            (cloak currently unavailable)
rCorr   .            (gloves currently unavailable)
SInv    .            (boots currently unavailable)
Will    +....        (no amulet)
Stlth   +            h - ring of willpower
HPRegen 0.26/turn    (no ring)
MPRegen 0.09/turn

%: no passive effects
@: beast-form
A: beast (slay +2), AC +5, unfitting armour, cold-blooded
a: Begin Untransformation


You were on level 3 of the Dungeon.
You were a hulking beast.
You visited 1 branch of the dungeon, and saw 4 of its levels.

You collected 114 gold pieces.

Inventory:

Hand Weapons
 f - a +2 dagger of venom
 o - a +2 vampiric dagger (weapon)
Armour
 e - a +0 pair of boots
 m - a +0 pair of gloves
Magical Staves
 k - a staff of conjuration
Jewellery
 h - a ring of willpower (left hand)
Talismans
 b - a beast talisman (active)
 c - a flux talisman
 p - a dragon-blood talisman
Scrolls
 d - a scroll of fog {unknown}
 g - a scroll of torment {unknown}
 n - a scroll of teleportation {unknown}
 q - a scroll of immolation {unknown}
 r - a scroll of enchant armour {unknown}
 s - a scroll of amnesia {unknown}
 t - a scroll of vulnerability {unknown}
Potions
 a - a potion of lignification
 i - a potion of curing {unknown}
 j - a potion of brilliance {unknown}
 l - a potion of haste {unknown}


   Skills:
 + Level 2.2 Fighting
 + Level 2.4 Dodging
 + Level 3.5 Unarmed Combat
 * Level 3.5 Shapeshifting


You had 3 spell levels left.
You didn't know any spells.
Your spell library contained the following spells:

 Spells                   Type           Power      Damage    Failure   Level
 Kiss of Death            Conj/Necr      0%         2d5       36%         1
 Confusing Touch          Hex            0%         N/A       75%         3
 Dispel Undead            Necr           0%         3d6       98%         4


Dungeon Overview and Level Annotations

Branches:
Dungeon (4/15)
 Temple: D:4-7

Altars:
Okawaru


Innate Abilities, Weirdness & Mutations

You are a hulking beast.
Your limbs bulge with bestial killing power. (Slay +2)
Your plain brown scales are hard. (AC +5)
You cannot fit into any form of body armour.
You are cold-blooded and may be slowed by cold attacks.


Message History

The gnoll attacks as it pursues you! The gnoll hits you with a +0 whip.
There is a stone staircase leading up here.
HP restored.
The gnoll closely misses you. The gnoll completely misses you.
You climb upwards.
There is a stone staircase leading down here.
You hit the gnoll but do no damage.
Your tail-slap misses the gnoll.
The gnoll closely misses you. The gnoll hits you with a +0 whip!
The rat bites you but does no damage.
You closely miss the gnoll. The gnoll hits you with a +0 whip.
The gnoll hits you with a +0 whip!
* * * LOW HITPOINT WARNING * * *
The rat bites you but does no damage.
You hit the gnoll.
You feel better.
The gnoll is moderately wounded.
The gnoll closely misses you. x2; The rat bites you but does no damage.
You hit the gnoll but do no damage.
The gnoll is moderately wounded.
The gnoll barely misses you. The gnoll hits you with a +0 whip.
The rat bites you.
* * * LOW HITPOINT WARNING * * *
You hit the gnoll.
You feel better.
The gnoll is heavily wounded.
The gnoll is no longer moving quickly.
The gnoll misses you. The gnoll closely misses you.
The rat bites you but does no damage.
You hit the gnoll.
The gnoll is almost dead.
The gnoll barely misses you. The gnoll hits you with a +0 whip.
* * * LOW HITPOINT WARNING * * *
The rat bites you but does no damage.
You hit the gnoll.
You kill the gnoll!
The gnoll hits you with a +0 whip.
* * * LOW HITPOINT WARNING * * *
The rat barely misses you.
You have reached level 4!
You feel agile.
You hit the gnoll.
You feel better.
The gnoll is lightly wounded.
The gnoll hits you with a +0 whip.
You die...

#+##
#...##
##.....##
##.......#
#..g......
+.h.......
#.)r......
##.......#
##.....##
#...##
#+##


You could see a gnoll and a rat.

Vanquished Creatures
  2 gnolls
  An adder (D:2)
  A dart slug (D:1)
  5 endoplasms
  A giant cockroach (D:2)
  2 goblins (D:1)
  9 hobgoblins
  2 kobolds (D:1)
  2 quokkas (D:1)
  2 ball pythons
  A bat (D:2)
  2 frilled lizards (D:2)
  10 rats
40 creatures vanquished.

Notes
Turn   | Place    | Note
-------+----------+-------------------------------------------
     0 | D:1      | senseless the Draconian Shapeshifter began the quest for
                  | the Orb.
     0 | D:1      | Reached XP level 1. HP: 16/16 MP: 1/1
   200 | D:1      | Reached XP level 2. HP: 23/23 MP: 2/2
   919 | D:2      | Reached XP level 3. HP: 28/29 MP: 3/3
  1002 | D:2      | Found an iron altar of Okawaru.
  1466 | D:2      | You fall into a shaft and drop 2 floors!
  1497 | D:3      | HP: 1/29 [gnoll/+0 whip[a gnoll bouda] (6)]
  1498 | D:3      | Reached XP level 4. HP: 2/36 MP: 4/4
  1498 | D:3      | Slain by a gnoll

Illustrated notes

Levels and vault maps discovered:
D:1:      dpeg_arrival_castle, layout_loops_ring, serial_forest,
          infiniplex_forest_clump_C, infiniplex_forest_clump_diagonal,
          infiniplex_forest_lined_ring, infiniplex_forest_straight_2,
          infiniplex_forest_lined_3, infiniplex_forest_clump_large,
          infiniplex_forest_corner_1, infiniplex_forest_lined_1
D:2:      minmay_skewed_foursquare, layout_loops_cross, basic_altar,
          serial_shops, shop, dk_noncrumbling_4, minmay_rat_gold_closets
D:3:      layout_loops_corners, shapermc_ecumenical_altar_mp_urbaneastern,
          minmay_misc_feat_ornament, chequers_serial_rivers_room_a
D:4:      layout_rooms

Skill      XL: |  1  2  3 |
---------------+----------+-----
Dodging        | 2 |  2.4
Fighting       | 2 |  2.2
Unarmed Combat | |  3.5
Shapeshifting  | |  3.5

Action                     |  1- 3 |  4- 6 || total
---------------------------+-------+-------++-------
  Melee: Unarmed           |    31 |       ||    31
         Tailslap          |    10 |       ||    10
         Dagger            |    71 |     1 ||    72
         Punch             |     2 |       ||     2
   Stab: Sleeping          |     1 |       ||     1
 Armour: Skin              |    46 |     1 ||    47
  Dodge: Dodged            |    50 |       ||    50

Table legend: (Time is in decaauts)
 A = Elapsed time spent in this place.
 B = Non-inter-level travel time spent in this place.
 C = Inter-level travel time spent in this place.
 D = Time resting spent in this place.
 E = Time spent auto-exploring this place.
 F = Levels seen in this place.
 G = Mean time per level.
                   A        B        C        D        E       F      G
               +--------+--------+--------+--------+--------+-----+--------+
         Total |   1502 |   1487 |     15 |      0 |   1216 |   4 |  375.5 |
       Dungeon |   1502 |   1487 |     15 |      0 |   1216 |   4 |  375.5 |
               +--------+--------+--------+--------+--------+-----+--------+

Top non-repeatable levels by time:
     D:1: 787 daAuts
     D:2: 683 daAuts
     D:4: 23 daAuts
     D:3: 7 daAuts
